 Dungeon Sprint DCSS version 0.31.0-11-ge490571c62 (webtiles) character file.

Game seed: 7884415500259303727

25506 Heoruswealwe the Minotaur Porcupine (level 12, -1/134 HPs)
             Began as a Minotaur Fighter on Feb 8, 2024.
             Was an Initiate of Gozag.
             Slain by Donald
             ... wielding a +2 broad axe of flaming
              (13 damage)
             ... in the Dungeon (Sprint IX: "|||||||||||||||||||||||||||||").
             The game lasted 00:22:58 (2764 turns).

Heoruswealwe the Minotaur Porcupine (MiFi)          Turns: 2764, Time: 00:23:01

Health: -1/134     AC: 39    Str: 26    XL:     12   Next: 90%
Magic:  13/21      EV:  9    Int: 10    God:    Gozag
Gold:   615        SH:  0    Dex: 10    Spells: 11/11 levels left

rFire   + . .        b - +2 halberd (flame)
rCold   + . .        (shield currently unavailable)
rNeg    . . .        c - +9 scales of the Dragon King {rPois rF+ rC+ Will+}
rPois   +            g - +3 hat of Pondering {ponderous, Will+ MP+10 Int+5}
rElec   .            h - +0 cloak
rCorr   .            f - +0 pair of gloves {infuse}
SInv    +            (no boots)
Will    ++...        (no amulet) Stlth
                     k - ring of see invisible
HPRegen 0.42/turn    j - +2 ring of evasion
MPRegen 0.17/turn

%: no teleportation, infuse magic (1 MP)
@: gold aura, slow
A: horns 2, retaliatory headbutt
a: Renounce Religion, Potion Petition, Call Merchant, Bribe Branch


You were in the Dungeon.
You worshipped Gozag.
Gozag was pleased with you.
You visited 1 branch You collected 10714 gold pieces.
You spent 4299 gold pieces at shops.
You paid 5800 gold pieces to Gozag.

Inventory:

Hand Weapons
 a - a +0 trident
 b - a +2 halberd of flaming (weapon)
Armour
 c - the +9 scales of the Dragon King (worn) {rPois rF+ rC+ Will+}
   (You bought it in a shop in the Dungeon)

   rF+:       It protects you from fire.
   rC+:       It protects you from cold.
   rPois:     It protects you from poison Will+: It increases your willpower.
 d - a +0 buckler
 f - a +0 pair of gloves of infusion (worn)
 g - the +3 hat of Pondering (worn) {ponderous, Will+ MP+10 Int+5}
   (You took it off Gastronok in the Dungeon)

   Int+5:     It affects your intelligence (+5).
   Will+:     It increases your willpower.
   MP+10:     It affects your magic capacity (+10).
 h - a +0 cloak (worn)
Jewellery
 j - a +2 ring of evasion (right hand)
 k - a ring of see invisible (left hand)
Wands
 l - a wand of quicksilver (10)
Scrolls
 n - 4 scrolls of blinking
 o - 6 scrolls of enchant weapon
 p - 4 scrolls of enchant armour
Potions
 e - 8 potions of curing
 i - 3 potions of berserk rage
 m - 4 potions of might
 q - a potion of heal wounds
 r - 2 potions of mutation
 s - 5 potions of haste
Miscellaneous
 v - a tin of tremorstones (2/2)


   Skills:
 + Level 20.8 Fighting
 O Level 27 Polearms
 + Level 20.8 Armour
 - Level 3.6 Shields


You had 11 spell levels left.
You didn't know any spells.
Your spell library was empty.

Dungeon Overview and Level Annotations

Branches:
Dungeon (1/1)

Altars:
Cheibriados
Dithmenos
Elyvilon
Fedhas
Gozag
Hepliaklqana
Kikubaaqudgha
Makhleb
Nemelex Xobeh
Okawaru
Qazlal
Ru
Sif Muna
Trog
Uskayaw
Vehumet
Wu Jian
Xom
Yredelemnul
Zin
The Shining One
Jiyva
Lugonu

Shops:
D *(([*!([*[

Annotations:
D Donald


Innate Abilities, Weirdness & Mutations

You have a pair of horns on your head.
You reflexively headbutt those who attack you in melee.


Message History

Donald burns you.
You slice Donald!! You burn Donald.
Donald is heavily wounded.
Donald hits you with a +2 broad axe of flaming!!
Donald burns you. Donald blocks your attack.
You headbutt Donald, but do no damage.
Donald is heavily wounded.
Donald hits you with a +2 broad axe of flaming.
Donald burns you.
* * * LOW HITPOINT WARNING * * *
Donald blocks your attack. x2
Donald is heavily wounded.
Donald hits you with a +2 broad axe of flaming.
* * * LOW HITPOINT WARNING * * *
Donald blocks your attack.
Your headbutt misses Donald.
Donald is heavily wounded.
Donald hits you but does no damage.
You completely miss Donald. You headbutt Donald.
Donald is heavily wounded.
Donald says, "I bet you have to pay people to get friends."
Donald hits you but does no damage.
You hit Donald but do no damage. Your headbutt misses Donald.
Donald is heavily wounded.
Donald hits you but does no damage. Donald blocks your attack.
Your headbutt misses Donald.
Donald is heavily wounded.
Donald hits you with a +2 broad axe of flaming!
* * * LOW HITPOINT WARNING * * *
Donald burns you.
* * * LOW HITPOINT WARNING * * *
You impale Donald!! You burn Donald!
Donald is almost dead.
Donald hits you with a +2 broad axe of flaming!
* * * LOW HITPOINT WARNING * * *
Donald burns you.
* * * LOW HITPOINT WARNING * * *
Donald hits you with a +2 broad axe of flaming!
You die...
Donald says, "Well, maybe you weren't so bad after all."
Your body crumbles into a pile of gold.

▓[▓.▓.▓.▓∩▓.▓.▓.▓,*,*,*,*,*,*,*,
▓[▓.▓.▓.▓.▓.▓.▓.▓+*,*,*,*,*,*,*,
▓)▓.▓.▓.▓.▓.▓(▓.▓,*,*,*,*,*,*,*,
▓?▓.▓.▓.▓.▓.▓.▓.▓,*,*,*,*,*,*,*,
▓!▓.▓.▓.▓.▓.▓'▓.▓,*,*,*,*,*,*,*,
▓'▓.▓'▓.▓!▓.▓.▓.▓,*,*,*,*,*,*,*,
▓_▓.▓.▓.▓)▓.▓.▓.▓,*,*,*,*,*,*,*,
▓_▓.▓.▓.▓.▓.▓.▓.▓,*,*,*,*,*,*,*,
▓_▓.▓.▓.▓.▓.▓.▓@▓,*,*,*,*,*,*,*,
▓_▓.▓.▓.▓.▓.▓.▓@▓,*,*,*,*,*,*,*,
▓_▓.▓.▓.▓.▓.▓.▓.▓,*,*+*,*,*,*,*,
▓_▓.▓.▓.▓.▓.▓.▓.▓+*,*,*,*,*,*+*,
▓_▓.▓.▓.▓.▓.▓.▓.▓,*,*,*,*,*,*,*,
▓_▓.▓.▓.▓.▓.▓?▓.▓,*,*,*,*,*,*,*,
▓_▓.▓.▓.▓.▓.▓.▓.▓,*,*,*,*,*,*,*,
▓_▓.▓'▓.▓.▓.▓[▓.▓,*,*,*,*,*,*,*,
▓_▓.▓.▓.▓.▓.▓[▓,*,*,*,*,*,*,*,*,


You could see Donald (fast, strong).

Vanquished Creatures
  Rupert (D)
  Gastronok (D)
  A fire giant (D)
  2 frost giants (D)
  A stone giant (D)
  Azrael (D)
  A fire dragon (D)
  4 ogre magi (D)
  4 two-headed ogres (D)
  A centaur warrior (D)
  A tengu warrior (D)
  Nergalle (D)
  3 orc knights (D)
  3 lindwurms (D)
  A deep elf pyromancer (D)
  A wolf spider (D)
  2 ugly things (D)
  Joseph (D)
  An unseen horror (shapeshifter) (D)
  4 komodo dragons (D)
  A rime drake (D)
  4 cane toads (D)
  A gargoyle (D)
  A freezing wraith (D)
  A troll (D)
  A blink frog (D)
  A glass eye (D)
  A slime creature (D)
  A wyvern (D)
  3 yaks (D)
  A fire elemental (D)
  An acid dragon (D)
  A water moccasin (D)
  4 hell hounds (D)
  10 orc warriors (D)
  An ice beast (D)
  A laughing skull (D)
  6 ogres (D)
  3 wolves (D)
  A centaur (D)
  A wight (D)
  A howler monkey (D)
  A bombardier beetle (D)
  3 orc priests (D)
  A hound (D)
  5 orc wizards (D)
  An iguana (D)
  7 ribbon worms (D)
  6 orcs (D)
  2 ball pythons (D)
  A bat (D)
  2 frilled lizards (D)
  A quokka simulacrum (D)
111 creatures vanquished.

Notes
Turn   | Place    | Note
-------+----------+-------------------------------------------
     0 | D        | Heoruswealwe the Minotaur Fighter began the quest for the
                  | Orb.
     0 | D        | Reached XP level 1. HP: 19/19 MP: 0/0
     9 | D        | Reached skill level 3 in Polearms
    22 | D        | Noticed an ice beast
    22 | D        | Noticed a hound
    22 | D        | Noticed a bombardier beetle
    22 | D        | Noticed an iguana
    27 | D        | Reached skill level 4 in Polearms
    36 | D        | Killed an iguana
    37 | D        | Reached skill level 5 in Fighting
    37 | D        | Reached skill level 5 in Polearms
    37 | D        | Reached skill level 5 in Armour
    37 | D        | Reached XP level 2. HP: 16/29 MP: 1/1
    37 | D        | Reached XP level 3. HP: 20/36 MP: 2/2
    43 | D        | Reached skill level 6 in Polearms
    51 | D        | Killed an ice beast
    52 | D        | Reached skill level 9 in Polearms
    52 | D        | Reached XP level 4. HP: 17/47 MP: 3/3
    52 | D        | Reached XP level 5. HP: 19/52 MP: 4/4
    62 | D        | Found a snail-covered altar of Cheibriados.
    62 | D        | Found a shadowy altar of Dithmenos.
    62 | D        | Found a white marble altar of Elyvilon.
    62 | D        | Found a blossoming altar of Fedhas.
    62 | D        | Found an opulent altar of Gozag.
    63 | D        | Found a hazy altar of Hepliaklqana.
    64 | D        | Found a viscous altar of Jiyva.
    65 | D        | Found an ancient bone altar of Kikubaaqudgha.
    66 | D        | Found a corrupted altar of Lugonu.
    67 | D        | Found a burning altar of Makhleb.
    68 | D        | Found a sparkling altar of Nemelex Xobeh.
    69 | D        | Found an iron altar of Okawaru.
    70 | D        | Became a worshipper of Gozag Ym Sagoz the Greedy
    71 | D        | Found a stormy altar of Qazlal.
    72 | D        | Found a sacrificial altar of Ru.
    73 | D        | Found a shimmering blue altar of Sif Muna.
    74 | D        | Found a bloodstained altar of Trog.
    75 | D        | Found a hide-covered altar of Uskayaw.
    76 | D        | Found a radiant altar of Vehumet.
    77 | D        | Found an ornate altar of the Wu Jian Council.
    78 | D        | Found a shimmering altar of Xom.
    79 | D        | Found a basalt altar of Yredelemnul.
    80 | D        | Found a glowing silver altar of Zin.
    81 | D        | Found a glowing golden altar of the Shining One.
   170 | D        | Noticed a gargoyle
   170 | D        | Noticed an orc warrior
   170 | D        | Noticed a troll
   170 | D        | Noticed a yak
   173 | D        | Killed a yak
   174 | D        | Reached skill level 11 in Polearms
   174 | D        | Reached XP level 6. HP: 62/62 MP: 5/5
   175 | D        | Killed a troll
   176 | D        | Reached skill level 12 in Polearms
   176 | D        | Reached XP level 7. HP: 71/71 MP: 6/6
   182 | D        | Reached skill level 10 in Fighting
   182 | D        | Reached skill level 13 in Polearms
   182 | D        | Reached skill level 10 in Armour
   194 | D        | Killed a gargoyle
   195 | D        | Reached skill level 14 in Polearms
   208 | D        | Noticed a tengu warrior
   208 | D        | Noticed a slime creature
   208 | D        | Noticed a centaur warrior
   219 | D        | Killed a centaur warrior
   220 | D        | Reached skill level 16 in Polearms
   220 | D        | Reached XP level 8. HP: 62/83 MP: 7/7
   223 | D        | Killed a slime creature
   240 | D        | Killed a tengu warrior
   241 | D        | Reached skill level 17 in Polearms
   241 | D        | Reached XP level 9. HP: 36/93 MP: 8/8
   542 | D        | Noticed a cane toad
   542 | D        | Noticed a komodo dragon
   542 | D        | Noticed a cane toad
   544 | D        | Reached skill level 18 in Polearms
   545 | D        | Killed a cane toad
   545 | D        | Noticed a komodo dragon
   548 | D        | Noticed a lindwurm
   552 | D        | Noticed a komodo dragon
   553 | D        | Killed a komodo dragon
   562 | D        | Killed a cane toad
   563 | D        | Reached skill level 19 in Polearms
   567 | D        | Killed a komodo dragon
   568 | D        | Reached XP level 10. HP: 64/104 MP: 9/9
   570 | D        | Killed a lindwurm
   572 | D        | Reached skill level 20 in Polearms
   694 | D        | Noticed a cane toad
   699 | D        | Killed a cane toad
   700 | D        | Reached skill level 15 in Fighting
   700 | D        | Reached skill level 15 in Armour
   709 | D        | Noticed a cane toad
   733 | D        | Killed a cane toad
   734 | D        | Reached skill level 21 in Polearms
   771 | D        | Noticed a lindwurm
   771 | D        | Noticed a lindwurm
   778 | D        | Killed a lindwurm
   787 | D        | Killed a lindwurm
  1128 | D        | Reached XP level 11. HP: 107/114 MP: 10/10
  1132 | D        | Reached skill level 22 in Polearms
  1142 | D        | Noticed an orc knight
  1165 | D        | Killed an orc knight
  1168 | D        | Noticed an orc knight
  1184 | D        | Killed an orc knight
  1270 | D        | Found Ucruf's Armour Boutique.
  1270 | D        | Noticed an ogre mage
  1270 | D        | Noticed a two-headed ogre
  1275 | D        | Killed a two-headed ogre
  1281 | D        | Killed an ogre mage
  1282 | D        | Reached skill level 23 in Polearms
  1326 | D        | Noticed a two-headed ogre
  1336 | D        | Killed a two-headed ogre
  1396 | D        | Found Firchido's Weapon Shop.
  1400 | D        | Found Duet's Distillery.
  1404 | D        | Found Qauk's Assorted Antiques.
  1406 | D        | Noticed an ogre mage
  1415 | D        | Noticed an ogre mage
  1418 | D        | Paralysed by something for 2 turns
  1425 | D        | Killed an ogre mage
  1433 | D        | Killed an ogre mage
  1435 | D        | Reached skill level 24 in Polearms
  1442 | D        | Noticed a two-headed ogre
  1443 | D        | Noticed a two-headed ogre
  1456 | D        | Killed a two-headed ogre
  1460 | D        | Killed a two-headed ogre
  1529 | D        | Bought 2 potions of haste for 260 gold pieces
  1529 | D        | Bought a potion of curing for 39 gold pieces
  1529 | D        | Bought a potion of might for 52 gold pieces
  1529 | D        | Bought a potion of mutation for 104 gold pieces
  1529 | D        | Bought a potion of haste for 130 gold pieces
  1531 | D        | Bought a potion of might for 68 gold pieces
  1531 | D        | Bought a scroll labelled DUGAF ACIE for 17 gold pieces
  1531 | D        | Bought a potion of haste for 170 gold pieces
  1545 | D        | Noticed Joseph
  1545 | D        | Noticed an ogre mage
  1545 | D        | Noticed a deep elf pyromancer
  1545 | D        | Noticed a cyan ugly thing
  1545 | D        | Noticed Donald
  1545 | D        | Noticed Rupert
  1546 | D        | Noticed a wolf spider
  1560 | D        | Bought the +9 scales of the Dragon King {rPois rF+ rC+
                  | Will+} for 2121 gold pieces
  1560 | D        | Found the +9 scales of the Dragon King {rPois rF+ rC+
                  | Will+}
  1560 | D        | Bought a +1 hat of willpower for 272 gold pieces
  1613 | D        | Bought a potion of curing for 36 gold pieces
  1613 | D        | Bought a +0 pair of gloves of infusion for 138 gold pieces
  1613 | D        | Bought a potion of enlightenment for 60 gold pieces
  1613 | D        | Bought a scroll of identify for 24 gold pieces
  1613 | D        | Bought a scroll of enchant weapon for 90 gold pieces
  1613 | D        | Bought a tin of tremorstones (2/2) for 480 gold pieces
  1685 | D        | Killed Joseph
  1749 | D        | Noticed Gastronok
  1760 | D        | Killed Gastronok
  1993 | D        | Killed a cyan ugly thing
  1994 | D        | Reached XP level 12. HP: 128/128 MP: 11/11
  2000 | D        | Noticed a frost giant
  2004 | D        | Reached skill level 25 in Polearms
  2011 | D        | Noticed a fire giant
  2018 | D        | Killed an ogre mage
  2023 | D        | Noticed a frost giant
  2028 | D        | Killed a frost giant
  2036 | D        | Killed a fire giant
  2044 | D        | Reached skill level 26 in Polearms
  2056 | D        | Killed a frost giant
  2315 | D        | Noticed a stone giant
  2316 | D        | Noticed a fire dragon
  2346 | D        | Killed a stone giant
  2353 | D        | Killed a fire dragon
  2620 | D        | Bought a scroll labelled YPAECI GAIKLAS for 28 gold pieces
  2620 | D        | Bought a scroll of enchant weapon for 210 gold pieces
  2635 | D        | Noticed Nergalle
  2638 | D        | Noticed Azrael
  2645 | D        | Killed Nergalle
  2653 | D        | Killed Azrael
  2654 | D        | Reached skill level 27 in Polearms
  2751 | D        | Killed Rupert
  2764 | D        | Slain by Donald

Illustrated notes

Levels and vault maps discovered:
D:        linesprint [early_d, line_temple, items_1, d_10, items_2, lair_1,
          lair_end, items_3, orc_1, orc_end, items_4, d_15, swamp_1, shoals_1,
          snake_1, spider_1, d_20, vaults_1, items_5, swamp_end, shoals_end,
          snake_end, spider_end, vaults_end, d_27, items_6, zot_1, zot_end,
          crypt_end, forest_end, elf_end, slime_end, tomb_end, abyss_end,
          pan_hell_end]

Skill      XL: |  1  2  3  4  5  6  7  8  9 10 11 12 |
---------------+-------------------------------------+-----
Polearms       | 5 9 11 12 16 17 19 21 24 27 | 27.0
Fighting       | 5 7 8 9 12 13 14 16 18 20 | 20.8
Armour         | 5 7 8 9 12 13 14 16 18 20 | 20.8
Shields        | |  3.6

Action                     |  1- 3 |  4- 6 |  7- 9 | 10-12 || total
---------------------------+-------+-------+-------+-------++-------
  Melee: Trident           |    39 |     4 |       |       ||    43
         Headbutt          |     6 |     1 |    11 |    64 ||    82
         Halberd           |       |     5 |    77 |   287 ||   369
 Invoke: Call Merchant     |       |       |       |     6 ||     6
    Use: Potion            |     1 |       |     2 |     5 ||     8
         Scroll            |       |       |       |     3 ||     3
   Stab: Distracted        |       |       |       |     5 ||     5
 Armour: Scale mail        |    24 |       |       |       ||    24
         Chain mail        |       |     3 |    29 |    22 ||    54
         Plate armour      |       |       |       |    25 ||    25
         Gold dragon scale |       |       |       |    97 ||    97
  Dodge: Dodged            |     8 |     4 |    30 |    63 ||   105
  Block: Buckler           |    12 |       |       |       ||    12
